 Dungeon Crawl Stone Soup version 0.24-a0-464-g6b2be6b8c7 (webtiles) character file.

Game seed: 13870568650438767672

60 Richi the Skirmisher (level 3, 0/33 HPs)
             Began as a Draconian Fighter on June 30, 2019.
             Succumbed to an adder's poison
             ... on level 2 of the Dungeon on July 4, 2019.
             The game lasted 00:17:40 (1642 turns).

Richi the Skirmisher (Draconian Fighter)            Turns: 1642, Time: 00:17:40

Health: 0/33       AC:  5    Str: 19    XL:     3   Next: 80%
Magic:  3/3        EV: 10    Int:  8    God:
Gold:   90         SH:  9    Dex: 10    Spells: 2/2 levels left

rFire    . . .     SeeInvis .   a - +2 long sword
rCold    . . .     Gourm    .   b - +0 shield
rNeg     . . .     Faith    .   (armour unavailable)
rPois    .         Spirit   .   (helmet restricted)
rElec    .         Reflect  .   (no cloak)
rCorr    .         Harm     .   (no gloves)
MR       .....                  (no boots)
Stlth    +.........             (no amulet)
HPRegen  0.11/turn              (no ring)
MPRegen  0.08/turn              (no ring)

@: lethally poisoned (0 -> -1)
A: unfitting armour, cold-blooded, AC +5
a: no special abilities


You were on level 2 of the Dungeon.
You were not hungry.

You visited 1 branch of the dungeon, and saw 3 of its levels.

You collected 90 gold pieces.

Inventory:

Hand Weapons
 a - a +2 long sword (weapon)
Missiles
 l - 3 boomerangs (quivered)
 o - 8 javelins
Armour
 b - a +0 shield (worn)
Scrolls
 e - a scroll of teleportation {unknown}
 f - a scroll of identify
 k - a scroll of blinking {unknown}
 r - a scroll of remove curse {unknown}
Potions
 c - a potion of might
 j - a potion of magic {unknown}
 q - a potion of mutation
Comestibles
 d - a ration


   Skills:
 + Level 3.8 Fighting
 + Level 2.8 Long Blades
 + Level 3.1 Dodging
 + Level 3.4 Shields


You had 2 spell levels left.
You didn't know any spells.
Your spell library was empty.

Dungeon Overview and Level Annotations

Branches:
Dungeon (3/15)

Altars:
Ru


Innate Abilities, Weirdness & Mutations

Your plain brown scales are hard. (AC +5)
You cannot fit into any form of body armour.
You are cold-blooded and may be slowed by cold attacks.


Message History

You block the frilled lizard's attack. You block the rat's attack.
You barely miss the frilled lizard. You tail-slap the frilled lizard.
You kill the frilled lizard!
The bat misses you.
You riposte.
You hit the bat.
You kill the bat!
You block the rat's attack.
You hit the worm. You tail-slap the worm.
The worm is lightly wounded.
You feel sick. The rat bites you.
* * * LOW HITPOINT WARNING * * *
The worm bites you but does no damage.
You slash the worm!
The worm is heavily wounded.
The rat bites you but does no damage. x2; You block the worm's attack.
You slash the worm!
The worm is severely wounded.
You block the rat's attack.
You hit the worm.
You kill the worm!
You die...

#.. .... ##.. ....
#..# .....
############..#
.....
##..............
......
##..#.....#####..
......##.....#####
### ......r..#####
# ......)@## #
>.....### ......
..... ..... .)..
....


You could see a rat.

Vanquished Creatures
  2 adders
  A worm (D:2)
  3 dart slugs (D:1)
  A leopard gecko (D:1)
  3 goblins
  4 hobgoblins
  5 kobolds
  A quokka (D:2)
  A ball python (D:1)
  4 bats
  4 frilled lizards
  8 rats
37 creatures vanquished.

Notes
Turn   | Place    | Note
-------+----------+-------------------------------------------
     0 | D:1      | Richi the Draconian Fighter began the quest for the Orb.
     0 | D:1      | Reached XP level 1. HP: 19/19 MP: 1/1
   202 | D:1      | Reached XP level 2. HP: 26/26 MP: 2/2
  1230 | D:1      | Upgraded the game from 0.24-a0-459-g225fefd530 to
                  | 0.24-a0-462-ge24419a6ad
  1230 | D:1      | Reached XP level 3. HP: 33/33 MP: 3/3
  1495 | D:1      | Upgraded the game from 0.24-a0-462-ge24419a6ad to
                  | 0.24-a0-464-g6b2be6b8c7
  1531 | D:2      | Found a sacrificial altar of Ru.
  1639 | D:2      | HP: 1/33 [rat (2)]
  1642 | D:2      | Succumbed to an adder's poison

Levels and vault maps discovered:
D:1:      evilmike_arrival_home_sweet_home, layout_loops_corners
D:2:      layout_rooms, nicolae_ru_awakened_eye
D:3:      layout_loops_ring, nicolae_tso_swordbearing_angel, first_ration,
          minivault_25, uniq_terence

Skill      XL: |  1  2 |
---------------+-------+-----
Dodging        | 3 |  3.1
Fighting       | |  3.8
Long Blades    | |  2.8
Shields        | |  3.4

Action                   || total
-------------------------++-------
Melee: Long sword        ||    79
       Tailslap          ||    12
  Use: Scroll            ||     3
  Eat: Ration            ||     1
Armor: Skin              ||    31
Dodge: Dodged            ||    52
Block: Shield            ||    72
       Rpst.: Long sword ||    23

Table legend:
 A = Non-vault XP
 B = Vault XP
 C = Vault XP percentage of total XP
 D = Non-vault monster count
 E = Vault monster count
 F = Vault count percentage of total count
                 A         B        C        D         E       F
            +---------+---------+-------+---------+---------+-------
      Total |      86 |       0 |   0.0 |      37 |       0 |   0.0
            +---------+---------+-------+---------+---------+-------
        D:1 |      41 |       0 |   0.0 |      24 |       0 |   0.0
        D:2 |      30 |       0 |   0.0 |      11 |       0 |   0.0
        D:3 |      15 |       0 |   0.0 |       2 |       0 |   0.0
            +---------+---------+-------+---------+---------+-------
